 Dungeon Crawl Stone Soup version 0.29.1-15-g9cfb28693d (webtiles) character file.

Game seed: 5214641823583617037

41 4D1OSZ the Ruffian (level 3, -2/28 HPs)
             Began as a Draconian Transmuter on Mar 22, 2023.
             Slain by an orc
             ... wielding a +0 flail
              (4 damage)
             ... on level 2 of the Dungeon.
             The game lasted 00:15:02 (376 turns).

4D1OSZ the Ruffian (Draconian Transmuter)            Turns: 376, Time: 00:15:03

Health: -2/28      AC:  5    Str: 14    XL:     3   Next: 32%
Magic:  5/6        EV: 12    Int: 13    God:
Gold:   53         SH:  5    Dex: 11    Spells: 5/6 levels left

rFire   . . .      SeeInvis .     - Unarmed
rCold   . . .      Faith    .   (no shield)
rNeg    . . .      Spirit   .   (body armour unavailable)
rPois   .          Reflect  +   (helmet currently unavailable)
rElec   .          Harm     .   (no cloak)
rCorr   .          Rampage  .   (no gloves)
Will    .....                   (boots currently unavailable)
Stlth   +.........              e - amulet of reflection
HPRegen 0.09/turn               (no ring)
MPRegen 0.10/turn               (no ring)

@: appendages (expiring)
A: horns 2, talons 2, AC +5, unfitting armour, cold-blooded
a: End Transformation


You were on level 2 of the Dungeon.
You had temporarily grown beastly horns and talons.
You visited 1 branch of the dungeon, and saw 2 of its levels.

You collected 53 gold pieces.

Inventory:

Hand Weapons
 b - a +0 hand axe
Missiles
 d - 8 stones
Jewellery
 e - an amulet of reflection (around neck)
Potions
 a - 2 potions of lignification
 c - a potion of degeneration {unknown}


   Skills:
 * Level 1.4 Fighting
 + Level 1.9 Dodging
 * Level 0.5 Stealth
 * Level 3.6 Unarmed Combat
 + Level 2.4 Spellcasting
 + Level 2.3 Transmutations


You had 5 spell levels left.
You knew the following spells:

 Your Spells              Type           Power      Damage    Failure   Level
a - Beastly Appendage     Tmut           14%        N/A       10%         1

Your spell library contained the following spells:

 Spells                   Type           Power      Damage    Failure   Level
 Wereblood                Tmut           7%         N/A       14%         2
 Sublimation of Blood     Necr           1%         N/A       36%         2
 Spider Form              Tmut/Pois      4%         N/A       41%         3
 Ice Form                 Ice/Tmut       4%         N/A       83%         4
 Summon Hydra             Summ           0%         N/A       100%        7


Dungeon Overview and Level Annotations

Branches:
Dungeon (2/15)

Altars:


Innate Abilities, Weirdness & Mutations

You have temporarily grown beastly horns and talons.
Your plain brown scales are hard. (AC +5)
You cannot fit into any form of body armour.
You are cold-blooded and may be slowed by cold attacks.


Message History

The gnoll closely misses you.
You have reached level 3!
Your experience leads to an increase in your attributes!
Increase (S)trength, (I)ntelligence, or (D)exterity?
You feel stronger. x2; Your scales feel tougher.
You barely miss the gnoll. You headbutt the gnoll.
The gnoll is moderately wounded.
You block the gnoll's attack.
You barely miss the gnoll. You headbutt the gnoll!
You kill the gnoll!
An orc comes into view. It is wielding a +0 flail.
Your horns disappear.
Your talons disappear.
Casting: Beastly Appendage (safe; 10% risk of failure)
Confirm with . or Enter, or press ? or * to list all spells.
You grow a pair of large bovine horns.
Your feet morph into talons.
You hit the endoplasm.
The endoplasm is heavily wounded.
The endoplasm hits you but does no damage.
You hit the endoplasm.
The endoplasm is severely wounded.
The endoplasm hits you.
You hit the endoplasm but do no damage. You claw the endoplasm.
You kill the endoplasm!
You hit the orc. You headbutt the orc, but do no damage.
The orc is heavily wounded.
The orc hits you with a +0 flail!
* * * LOW HITPOINT WARNING * * *
The orc attacks as you move away! The orc closely misses you.
The orc hits you but does no damage.
You hit the orc but do no damage. Your headbutt misses the orc.
The orc is moderately wounded.
You block the orc's attack.
You hit the orc. You claw the orc.
The orc is severely wounded.
Your transformation is almost over.
The orc closely misses you. The orc attacks as you move away!
The orc hits you with a +0 flail.
* * * LOW HITPOINT WARNING * * *
The orc attacks as you move away! The orc hits you with a +0 flail.
You die...

##..# ### ....#
..# #...## #.#
..... #.# ##o..
#@# ... #o# #)# #
#.######.###....
##.......<)......
#.....#########..
+............
#.....######.
#######


You could see an orc.

Vanquished Creatures
  3 gnolls (D:2)
  2 ball pythons (D:1)
  2 endoplasms
  A giant cockroach (D:1)
  2 bats (D:1)
  2 frilled lizards (D:1)
  2 rats (D:1)
14 creatures vanquished.

Notes
Turn   | Place    | Note
-------+----------+-------------------------------------------
     0 | D:1      | 4D1OSZ the Draconian Transmuter began the quest for the
                  | Orb.
     0 | D:1      | Reached XP level 1. HP: 16/16 MP: 3/3
   228 | D:1      | Reached XP level 2. HP: 20/23 MP: 3/5
   356 | D:2      | Reached XP level 3. HP: 10/28 MP: 4/6
   375 | D:2      | HP: 1/28 [orc/+0 flail (1)]
   376 | D:2      | Slain by an orc

Illustrated notes

Levels and vault maps discovered:
D:1:      dreamdust_arrival_beginning_and_end, layout_basic,
          hangedman_decor_points
D:2:      layout_basic, nicolae_ecumenical_snake_handling

Action                   || total
-------------------------++-------
Melee: Unarmed           ||    41
       Headbutt          ||     9
       Kick              ||     7
       Tailslap          ||     3
       Punch             ||     1
 Cast: Beastly Appendage ||    13
  Use: Scroll            ||     1
Armor: Skin              ||    11
Dodge: Dodged            ||    22
Block: Other             ||     8
